 Dungeon Crawl Stone Soup version 0.27-a0-29-g2d0a2396b0 (webtiles) character file.

Game seed: 2540981955868784691

48 MisterFreud the Sneak (level 3, -5/33 HPs)
             Began as a Minotaur Delver on Jan 3, 2021.
             Killed by divine providence
             ... invoked by an orc priest
              (12 damage)
             ... on level 4 of the Dungeon.
             The game lasted 00:01:52 (514 turns).

MisterFreud the Sneak (Minotaur Delver)              Turns: 514, Time: 00:01:53

Health: -5/33      AC:  9    Str: 17    XL:     3   Next: 50%
Magic:  2/2        EV:  7    Int:  7    God:
Gold:   0          SH:  0    Dex: 11    Spells: 2/2 levels left

rFire    . . .     SeeInvis .   a - +0 falchion
rCold    . . .     Faith    .   (no shield)
rNeg     . . .     Spirit   .   h - +1 chain mail {rPois}
rPois    +         Reflect  .   (helmet restricted)
rElec    .         Harm     .   (no cloak)
rCorr    .         Rampage  .   (no gloves)
Will     .....                  (no boots)
Stlth    ..........             (no amulet)
HPRegen  0.11/turn              (no ring)
MPRegen  0.08/turn              (no ring)

@: flying
A: retaliatory headbutt, horns 2
a: no special abilities


You were on level 4 of the Dungeon.
You visited 1 branch of the dungeon, and saw 3 of its levels.

Inventory:

Hand Weapons
 a - a +0 falchion (weapon)
Armour
 b - a +0 leather armour
 h - a +1 chain mail of poison resistance (worn)
Wands
 g - a wand of digging (3)
Scrolls
 c - a scroll of fog
 d - a scroll of magic mapping
 e - a scroll of fear
 i - a scroll of identify {unknown}
 j - 2 scrolls of remove curse {unknown}
 k - a scroll of enchant weapon {unknown}
 l - a scroll of amnesia {unknown}
Potions
 f - a potion of haste


   Skills:
 + Level 3.9 Fighting
 + Level 2.5 Long Blades
 + Level 0.7 Armour
 + Level 2.3 Dodging
 + Level 4.9 Stealth


You had 2 spell levels left.
You didn't know any spells.
Your spell library was empty.

Dungeon Overview and Level Annotations

Branches:
Dungeon (6/15)
 Temple: D:4-7

Altars:

Annotations:
D:6 Dowan


Innate Abilities, Weirdness & Mutations

You reflexively headbutt those who attack you in melee.
You have a pair of horns on your head.


Message History

You miss something. Your headbutt misses something.
You hear some strange, mumbled words.
A puff of flame appears from out of thin air!
The puff of flame hits you.
* * * LOW HITPOINT WARNING * * *
Unknown command.
Unknown command.
Unknown command.
Something hits you but does no damage.
The orc priest mumbles some strange prayers to Beogh against you.
An orc comes into view. It is wielding a +0 hand axe.
The orc shouts! x2
The orc moves out of view.
You hear some strange, mumbled words.
A puff of flame appears from out of thin air!
The puff of flame hits you but does no damage.
Something completely misses you.
The orc priest mumbles some strange prayers to Beogh against you.
Beogh smites you!
You die...

#.##.# #####.##.# #..
##.....##.# #.#
#.##.........# #.#
........>....# #(#
#.##...>.....# #.#
#...........## #.#
####.#.)....######.##
#.#.##.......@...#
#.#.
##########..###.####
#. ......=..o.......
## .#.####.o####.###
#.......o./..)..
######..[....o.o
##.####.### #.# # #.#


You could see an orc priest.

Vanquished Creatures
  A hound (D:5)
  An adder skeleton (D:6)
  A worm (D:4)
  3 orcs
  A ball python (D:4)
  A jackal (D:5)
  A quokka zombie (D:5)
9 creatures vanquished.

Notes
Turn   | Place    | Note
-------+----------+-------------------------------------------
     0 | D:5      | MisterFreud the Minotaur Delver began the quest for the
                  | Orb.
     0 | D:5      | Reached XP level 1. HP: 19/19 MP: 0/0
    72 | D:6      | Noticed Dowan
    93 | D:6      | Noticed an iguana
   184 | D:5      | Noticed a hound
   196 | D:5      | Killed a hound
   197 | D:5      | Reached XP level 2. HP: 12/27 MP: 1/1
   197 | D:5      | Reached XP level 3. HP: 14/33 MP: 2/2
   399 | D:5      | Noticed an ogre
   452 | D:5      | Noticed a lemure
   514 | D:4      | Killed from afar by an orc priest

Illustrated notes

Levels and vault maps discovered:
D:4:      layout_loops_ring, lemuel_round_altar, serial_glass, glass_columns_b,
          glass_columns_a, serial_shops,
          nicolae_shop_temple_entry_statues_fountains, nicolae_shop_crystal,
          shop_coins
D:5:      layout_basic, cheibriados_altar_1, tgw_trog, uniq_pikel, uniq_edmund,
          uniq_crazy_yiuf_cottage
D:6:      layout_basic, grunt_temple_overflow_champion_of_chaos,
          ebering_ghost_gozag, uniq_maggie, uniq_duvessa

Action                   || total
-------------------------++-------
Melee: Falchion          ||    29
       Headbutt          ||     6
  Use: Potion            ||     1
Armor: Chain mail        ||    15
       Leather armour    ||     1
Dodge: Dodged            ||    17
       Rpst.: Falchion   ||     6

Table legend: (Time is in decaauts)
 A = Elapsed time spent in this place.
 B = Non-inter-level travel time spent in this place.
 C = Inter-level travel time spent in this place.
 D = Time resting spent in this place.
 E = Time spent auto-exploring this place.
 F = Levels seen in this place.
 G = Mean time per level.
                   A        B        C        D        E       F      G
               +--------+--------+--------+--------+--------+-----+--------+
         Total |    519 |    519 |      0 |    167 |     87 |   3 |  173.0 |
       Dungeon |    519 |    519 |      0 |    167 |     87 |   3 |  173.0 |
               +--------+--------+--------+--------+--------+-----+--------+

Top non-repeatable levels by time:
     D:5: 398 daAuts
     D:6: 62 daAuts
     D:4: 58 daAuts
